 Dungeon Crawl Stone Soup version 0.25-a0-589-g1e14c549ee (webtiles) character file.

Game seed: 5044727975424996748, levelgen mode: deterministic

66406 Haet the Geomancer (level 15, -3/93 HPs)
             Began as a Gargoyle Earth Elementalist on Mar 10, 2020.
             Was a High Priest of Vehumet.
             Slain by a dire elephant (19 damage)
             ... on level 6 of the Lair of Beasts.
             The game lasted 01:03:13 (22690 turns).

Haet the Geomancer (Gargoyle Earth Elementalist)   Turns: 22690, Time: 01:03:13

Health: -3/93      AC: 21    Str: 11    XL:     15   Next: 19%
Magic:  8/29       EV: 17    Int: 30    God:    Vehumet [*****.]
Gold:   1296       SH:  0    Dex: 13    Spells: 16/34 levels left

rFire    + . .     SeeInvis .   r - +9 flail "Xuotes" {freeze, *Corrode rF+ rN+ Int+2}
rCold    . . .     Gourm    +   (no shield)
rNeg     + + .     Faith    .   c - +1 robe
rPois    ∞         Spirit   .   G - +3 helmet of Dice, Bag, and Bottle {*Corrode MR+ Int+2 Stlth+}
rElec    +         Reflect  .   X - +2 cloak
rCorr    .         Harm     .   x - +1 pair of gloves
MR       ++...                  C - +0 pair of boots
Stlth    ++++......             v - amulet of the gourmand
HPRegen  0.25/turn              L - ring "Yhuut" {rPois Int+3 Dex+3 Stlth+}
MPRegen  0.21/turn              j - +4 ring of slaying

@: corroded, flying
A: big wings, negative energy resistance 1, electricity resistance, unbreathing,
petrification resistance, rot immunity, AC +11
a: Stop Flying, Renounce Religion


You were on level 6 of the Lair of Beasts.
You worshipped Vehumet.
Vehumet was extremely pleased with you.
You were very full.

You visited 3 branches of the dungeon, and saw 21 of its levels.
You also visited: Gauntlet.

You collected 1296 gold pieces.

Inventory:

Hand Weapons
 r - the +9 flail "Xuotes" (weapon) {freeze, *Corrode rF+ rN+ Int+2}
   (You found it on level 6 of the Dungeon)

   It has been specially enchanted to freeze those struck by it, causing extra
   injury to most foes and up to half again as much damage against particularly
   susceptible opponents.
   It can also slow down cold-blooded creatures.
   It affects your intelligence (+2).
   It protects you from fire.
   It protects you from negative energy.
   It may corrode you when you take damage.
 s - a +6 dire flail of venom
Missiles
 b - 292 stones (quivered)
Armour
 c - a +1 robe (worn)
 m - a +0 helmet
 x - a +1 pair of gloves (worn)
 A - the +1 pair of gloves of Jireph {rF++ MR+ Regen+ Int-5}
   (You found it in a Gauntlet)

   It affects your intelligence (-5).
   It greatly protects you from fire.
   It affects your resistance to hostile enchantments.
   It increases your rate of regeneration.
 C - a +0 pair of boots (worn)
 G - the +3 helmet of Dice, Bag, and Bottle (worn) {*Corrode MR+ Int+2 Stlth+}
   (You found it on level 10 of the Dungeon)

   It affects your intelligence (+2).
   It affects your resistance to hostile enchantments.
   It may corrode you when you take damage.
   It makes you more stealthy.
 X - a +2 cloak (worn)
Magical Staves
 k - an uncursed staff of cold
 U - an uncursed staff of wizardry {unknown}
Jewellery
 g - a +4 ring of intelligence
 h - a +2 ring of strength
 j - a +4 ring of slaying (right hand)
 v - an amulet of the gourmand (around neck)
 L - the ring "Yhuut" (left hand) {rPois Int+3 Dex+3 Stlth+}
   (You found it in a Gauntlet)

   [ring of poison resistance]

   It affects your intelligence (+3).
   It affects your dexterity (+3).
   It protects you from poison.
   It makes you more stealthy.
 O - an uncursed ring of wizardry
Wands
 a - a wand of polymorph (7)
 z - a wand of enslavement (26)
 F - a wand of paralysis (6)
 I - a wand of random effects (41)
 J - a wand of clouds (7)
 K - a wand of acid (2)
 M - a wand of iceblast (23)
 Q - a wand of digging (5)
 R - a wand of disintegration (28)
 S - a wand of flame (24)
Scrolls
 i - 5 scrolls of blinking
 n - 9 scrolls of teleportation
 o - 5 scrolls of immolation
 t - 6 scrolls of fog
 u - 2 scrolls of amnesia
 y - 7 scrolls of identify
 E - 2 scrolls of enchant weapon
 H - 7 scrolls of remove curse
 N - 4 scrolls of fear
 T - a scroll of magic mapping
Potions
 e - 6 potions of lignification
 f - 10 potions of curing
 l - a potion of ambrosia
 p - 5 potions of brilliance
 w - 3 potions of magic
 B - 2 potions of haste
 D - 2 potions of berserk rage
 P - a potion of stabbing
Comestibles
 d - 50 rations


   Skills:
 + Level 10.6 Fighting
 + Level 9.8 Maces & Flails
 - Level 6.1 Armour
 + Level 8.4 Dodging
 - Level 2.1 Stealth
 + Level 10.3 Spellcasting
 + Level 11.6 Conjurations
   Level 0.7 Transmutations
 * Level 2.0 Fire Magic
 + Level 13.1 Earth Magic
 - Level 6.0 Evocations


You had 16 spell levels left.
You knew the following spells:

 Your Spells              Type           Power        Failure   Level  Hunger
a - Sandblast             Erth           ######       0%          1    None
b - Stone Arrow           Conj/Erth      ######       1%          3    None
c - Lee's Rapid Deconstr  Erth           #######...   1%          5    ###....
d - Dazzling Flash        Conj/Hex       ######       1%          3    None
f - Starburst             Conj/Fire      ######....   9%          6    #####..

Your spell library contained the following spells:

 Spells                   Type           Power        Failure   Level  Hunger
 Foxfire                  Conj/Fire      ####         1%          1    None
 Magic Dart               Conj           ####         1%          1    None
 Passwall                 Tmut/Erth      ######..     1%          2    None
 Searing Ray              Conj           ######       1%          2    None
 Conjure Flame            Conj/Fire      ######..     1%          3    None
 Mephitic Cloud           Conj/Pois/Air  #####...     1%          3    None
 Fulminant Prism          Conj/Hex       ######....   1%          4    None
 Iskenderun's Mystic Bla  Conj/Tloc      ######..     1%          4    None
 Petrify                  Tmut/Erth      ######..     1%          4    None
 Animate Skeleton         Necr           N/A          3%          1    None
 Apportation              Tloc           ###...       3%          1    None
 Corona                   Hex            ###....      3%          1    None
 Pain                     Necr           ###.         3%          1    None
 Summon Butterflies       Summ           ###.....     3%          1    None
 Summon Small Mammal      Summ           ###.         3%          1    None
 Poisonous Vapours        Pois/Air       ###...       4%          2    None
 Lesser Beckoning         Tloc           ###.......   10%         3    None
 Tukima's Dance           Hex            ###.....     10%         3    None
 Vampiric Draining        Necr           ###.......   10%         3    None
 Freezing Cloud           Conj/Ice/Air   #####.....   26%         6    #####..
 Animate Dead             Necr           N/A          32%         4    None
 Cause Fear               Hex            ###.......   32%         4    None
 Alistair's Intoxication  Tmut/Pois      ###.....     63%         5    ###....
 Agony                    Necr           ###.....     67%         5    ###....
 Invisibility             Hex            ###.....     99%         6    #####..
 Dragon Form              Tmut           ###.......   100%        7    ######.
 Ring of Flames           Chrm/Fire      ###.......   100%        7    ######.
 Dragon's Call            Summ           ###.......   100%        9    #######


Dungeon Overview and Level Annotations

Branches:
Dungeon (14/15)            Temple (1/1) D:7            Lair (6/6) D:10
  Swamp (0/4) Lair:3       Spider (0/4) Lair:3        Slime (0/5) Lair:5
    Orc (0/2) D:11         Vaults (0/5) D:14        Gauntlet (visited)

Altars:
Ashenzari
Dithmenos
Makhleb
Ru
Sif Muna
Trog
Uskayaw
Vehumet
Xom
Beogh

Shops:
D:11 ([

Annotations:
D:13 2 runed translucent doors, Fosh's ghost, journeyman GrEE
Lair:1 exclusion: oklob plant


Innate Abilities, Weirdness & Mutations

You are resistant to torment.
Your stone body is resilient. (AC +11)
You are immune to poison.
Your large and strong wings let you fly indefinitely.
You resist negative energy. (rN+)
You are resistant to electric shocks. (rElec)
You can survive without breathing.
You are immune to petrification.
You are immune to rotting.


Message History

Confirm with . or Enter, or press ? or * to list all spells.
Aiming: Sandblast (safe; 0% risk of failure)
Press: ? - help, Shift-Dir - straight line, f/p - dire elephant
Aim: a dire elephant (severely wounded)
The blast of sand hits the dire elephant.
The dire elephant is severely wounded.
b - 292 stones The dire elephant tramples you!!
* * * LOW HITPOINT WARNING * * *
You hold your ground!
The dire elephant trunk-slaps you.
* * * LOW HITPOINT WARNING * * *
Evoke which item? (* to show all) (? for menu, Esc to quit)
Aiming: Corrosive Bolt
Press: ? - help, Shift-Dir - straight line, f/p - dire elephant
Aim: a dire elephant (severely wounded)
The bolt of acid hits the dire elephant!
The dire elephant is splashed with acid!
The dire elephant is almost dead.
The dire elephant tramples you!!
You die...

...# .#.### .....### .#P....#
..P..###. ###### ....## ♣..
##....# .P...# #...# #.[...'
.....# #...#### #|....' ..#†##
#..Y@#### ##....# .P#†# ####....#
###### .##.# ####.### ##...##
.P..## #♣♣♣##...#####8.⌠.8#
.....## ##♣....###............
.#....♣####♣.......♣########'''##
.#.#...................♣.........
.#.#........##......#.♣.♣##......
..........##.#P.....###♣.###...#.


You could see a dire elephant.

Vanquished Creatures
  Kirke (D:12)
  3 dire elephants (Lair:6)
  A minotaur (Gauntlet)
  Snorg (D:10)
  A rakshasa (D:14)
  A vault guard (D:14)
  A catoblepas (D:14)
  8 hydras
  An anaconda (Lair:6)
  6 centaur warriors
  4 two-headed ogres
  2 death yaks (Lair:4)
  Urug (D:12)
  An unseen horror (D:14)
  A necromancer (D:12)
  12 ugly things
  An orc sorcerer (D:14)
  3 cyclopes
  Maurice (D:9)
  3 manticores
  4 black mambas
  Psyche (D:10)
  4 molten gargoyles (D:13)
  2 gargoyles
  A torpor snail (Lair:4)
  9 spiny frogs
  2 rime drakes (Lair:6)
  A komodo dragon (Lair:3)
  A tengu conjurer (D:14)
  3 trolls
  12 blink frogs
  4 polar bears (Lair:2)
  9 hippogriffs
  3 slime creatures (D:12)
  A spriggan (D:9)
  Sigmund (D:3)
  34 yaks
  2 wraiths
  3 wyverns
  A human (shapeshifter) (D:14)
  Eustachio (D:8)
  3 basilisks
  A hog (shapeshifter) (D:14)
  4 hogs (D:12)
  A hungry ghost (D:11)
  3 vampire mosquitoes (D:14)
  Edmund (D:6)
  2 soldier ants (D:14)
  An acid dragon (D:11)
  8 water moccasins
  5 porcupines
  7 black bears
  25 orc warriors
  5 sky beasts
  A hornet zombie (D:8)
  3 necrophages
  5 ogres
  6 phantoms
  19 wolves
  12 centaurs
  8 crocodiles
  19 bullfrogs
  A gnoll sergeant (D:8)
  7 scorpions
  A hornet simulacrum (D:14)
  5 killer bees (D:12)
  9 wights
  2 electric eels (D:10)
  9 howler monkeys
  4 crimson imps
  A bullfrog zombie (D:10)
  2 quasits
  13 orc priests
  3 bullfrog skeletons
  5 jellies
  3 centaur zombies
  5 hounds
  Jessica (D:3)
  2 centaur skeletons
  An iguana (D:12)
  Terence (D:3)
  15 orc wizards
  5 hell rats (Lair:6)
  5 worker ants
  A killer bee zombie (D:9)
  2 hound zombies
  2 hound skeletons
  13 adders
  2 howler monkey skeletons
  A shadow imp (D:12)
  3 oozes
  3 adder zombies
  An adder skeleton (D:9)
  A worm (D:2)
  4 dart slugs
  A leopard gecko (D:3)
  79 orcs
  7 giant cockroaches
  5 goblins
  6 hobgoblins
  10 kobolds
  4 quokkas
  2 ball pythons (D:3)
  10 bats
  2 frilled lizards
  9 rats
  A bush (D:1)
  A butterfly (Lair:4)
  A fungus (D:4)
  4 plants
566 creatures vanquished.

Vanquished Creatures (others)
  A human (D:12)
  10 fungi
  4 plants
15 creatures vanquished.

Grand Total: 581 creatures vanquished

Notes
Turn   | Place    | Note
-------+----------+-------------------------------------------
     0 | D:1      | Haet the Gargoyle Earth Elementalist began the quest for
                  | the Orb.
     0 | D:1      | Reached XP level 1. HP: 10/10 MP: 3/3
   349 | D:1      | Reached XP level 2. HP: 15/15 MP: 1/5
   507 | D:1      | Reached skill level 4 in Earth Magic
  1306 | D:2      | Reached XP level 3. HP: 19/19 MP: 2/6
  1311 | D:2      | Learned a level 3 spell: Stone Arrow
  1531 | D:2      | Found a bloodstained altar of Trog.
  1860 | D:2      | Reached skill level 1 in Conjurations
  1860 | D:2      | Reached XP level 4. HP: 20/24 MP: 5/8
  2180 | D:3      | Noticed Terence
  2193 | D:3      | Killed Terence
  2470 | D:3      | Noticed Jessica
  2476 | D:3      | Killed Jessica
  2476 | D:3      | Reached skill level 5 in Earth Magic
  2476 | D:3      | Reached XP level 5. HP: 27/28 MP: 5/9
  2483 | D:3      | Learned a level 5 spell: Lee's Rapid Deconstruction
  2673 | D:3      | Noticed Sigmund
  2683 | D:3      | Killed Sigmund
  2683 | D:3      | Reached XP level 6. HP: 32/32 MP: 0/11
  3227 | D:3      | Reached skill level 6 in Earth Magic
  3498 | D:4      | Reached XP level 7. HP: 16/36 MP: 1/13
  4051 | D:4      | You fall into a shaft and drop 2 floors!
  4065 | D:6      | Got a faintly glowing flail
  4105 | D:6      | Identified the +9 flail "Xuotes" {freeze, *Corrode rF+ rN+
                  | Int+2} (You found it on level 6 of the Dungeon)
  4172 | D:6      | Reached skill level 7 in Earth Magic
  4172 | D:6      | Reached XP level 8. HP: 19/42 MP: 4/15
  4172 | D:6      | Reached skill level 1 in Fighting
  4172 | D:6      | Reached skill level 1 in Maces & Flails
  4172 | D:6      | Reached skill level 1 in Armour
  4172 | D:6      | Reached skill level 5 in Spellcasting
  4383 | D:6      | Reached skill level 5 in Conjurations
  4473 | D:5      | Entered Level 5 of the Dungeon
  4492 | D:4      | Found a shimmering altar of Xom.
  5083 | D:5      | Found a shattered altar of Ashenzari.
  5765 | D:6      | Noticed Edmund
  5771 | D:6      | Killed Edmund
  5771 | D:6      | Reached XP level 9. HP: 35/49 MP: 13/17
  5917 | D:6      | Found a radiant altar of Vehumet.
  5922 | D:6      | Became a worshipper of Vehumet
  6501 | D:7      | Found a sacrificial altar of Ru.
  6539 | D:7      | Found a staircase to the Ecumenical Temple.
  6545 | Temple   | Entered the Ecumenical Temple
  6614 | D:7      | Reached skill level 8 in Earth Magic
  7091 | D:8      | Found a shimmering altar of Xom.
  7213 | D:8      | Noticed Eustachio
  7241 | D:8      | Killed Eustachio
  7284 | D:8      | Reached XP level 10. HP: 48/56 MP: 11/19
  7435 | D:8      | Found a burning altar of Makhleb.
  7561 | D:8      | Reached * piety under Vehumet
  7561 | D:8      | Offered knowledge of Shock by Vehumet.
  8192 | D:9      | Found a hide-covered altar of Uskayaw.
  8514 | D:9      | Noticed a two-headed ogre
  8519 | D:9      | Killed a two-headed ogre
  8519 | D:9      | Reached skill level 5 in Armour
  8519 | D:9      | Reached skill level 9 in Earth Magic
  8665 | D:9      | Reached skill level 5 in Fighting
  8709 | D:9      | Noticed Maurice
  8728 | D:9      | Killed Maurice
  8914 | D:9      | Noticed a two-headed ogre
  8920 | D:9      | Killed a two-headed ogre
  8920 | D:9      | Offered knowledge of Searing Ray by Vehumet.
  8920 | D:9      | Reached skill level 5 in Maces & Flails
  8920 | D:9      | Reached skill level 1 in Evocations
  9237 | D:10     | Entered Level 10 of the Dungeon
  9237 | D:10     | Noticed Psyche
  9244 | D:10     | Killed Psyche
  9244 | D:10     | Reached XP level 11. HP: 32/64 MP: 5/21
  9437 | D:10     | Found a staircase to the Lair.
  9448 | D:10     | Reached ** piety under Vehumet
  9540 | D:10     | Found a shadowy altar of Dithmenos.
  9817 | D:10     | Noticed Snorg
  9825 | D:10     | Killed Snorg
  9927 | D:10     | Noticed a two-headed ogre
  9933 | D:10     | Killed a two-headed ogre
  9964 | D:10     | Got a polished helmet
  9975 | D:10     | Identified the +3 helmet of Dice, Bag, and Bottle {*Corrode
                  | MR+ Int+2 Stlth+} (You found it on level 10 of the Dungeon)
 10226 | D:11     | Reached skill level 5 in Dodging
 10446 | D:11     | Offered knowledge of Ignite Poison by Vehumet.
 10446 | D:11     | Reached skill level 10 in Earth Magic
 10465 | D:11     | Reached *** piety under Vehumet
 10648 | D:11     | Noticed a cyclops
 10650 | D:11     | Killed a cyclops
 10769 | D:11     | Found Terurchuh's Weapon Shop.
 10777 | D:11     | Found a staircase to the Orcish Mines.
 10780 | D:11     | Found Wepoqa's Armour Shop.
 10800 | D:11     | Offered knowledge of Frozen Ramparts by Vehumet.
 10802 | D:11     | Noticed a five-headed hydra
 10810 | D:11     | Reached XP level 12. HP: 52/71 MP: 7/23
 10811 | D:11     | Killed a five-headed hydra
 11317 | D:11     | Found a shimmering blue altar of Sif Muna.
 11498 | D:12     | Reached **** piety under Vehumet
 11572 | D:12     | Found a roughly hewn altar of Beogh.
 11577 | D:12     | Offered knowledge of Inner Flame by Vehumet.
 11754 | D:12     | Noticed a two-headed ogre
 11762 | D:12     | Killed a two-headed ogre
 11895 | D:12     | Noticed Kirke
 11909 | D:12     | Killed Kirke
 12171 | D:12     | Learned a level 3 spell: Dazzling Flash
 12291 | D:12     | Noticed Urug
 12299 | D:12     | Killed Urug
 12299 | D:12     | Reached skill level 11 in Earth Magic
 12492 | D:13     | Noticed a centaur warrior
 12504 | D:13     | Killed a centaur warrior
 12504 | D:13     | Reached ***** piety under Vehumet
 12504 | D:13     | Offered knowledge of Ozocubu's Refrigeration by Vehumet.
 12540 | D:13     | Found a bloodstained altar of Trog.
 12569 | D:13     | Noticed a five-headed hydra
 12571 | D:13     | Killed a five-headed hydra
 12571 | D:13     | Reached XP level 13. HP: 76/78 MP: 15/25
 12588 | D:13     | Reached skill level 5 in Evocations
 13771 | D:13     | Found a large runed translucent door.
 13772 | D:13     | Found a large runed translucent door.
 13772 | D:13     | Noticed Fosh's ghost (journeyman GrEE)
 14191 | D:14     | Reached skill level 10 in Conjurations
 14998 | D:14     | Noticed a rakshasa
 15012 | D:14     | Killed a rakshasa
 15030 | D:14     | Noticed a vault guard
 15268 | D:14     | Killed a vault guard
 16012 | D:14     | Found a gate to the Vaults.
 16049 | D:14     | Reached skill level 12 in Earth Magic
 16074 | D:14     | Gained mutation: Your large and strong wings let you fly
                  | indefinitely. [Gargoyle growth]
 16074 | D:14     | Reached XP level 14. HP: 86/86 MP: 22/27
 16725 | Lair:1   | Entered Level 1 of the Lair of Beasts
 16946 | Lair:1   | Offered knowledge of Iskenderun's Battlesphere by Vehumet.
 18347 | Lair:2   | You fall into a shaft and drop 1 floor!
 18495 | Lair:3   | Found a gate leading to a gauntlet.
 18499 | Gauntlet | Entered a Gauntlet
 18499 | Gauntlet | Found a transporter.
 18508 | Gauntlet | Found a transporter.
 18528 | Gauntlet | Found a transporter.
 18528 | Gauntlet | Found a transporter.
 18538 | Gauntlet | Found a transporter.
 18558 | Gauntlet | Found a transporter.
 18561 | Gauntlet | Found a transporter.
 18565 | Gauntlet | Found a transporter.
 18567 | Gauntlet | Found a runed translucent door.
 18595 | Gauntlet | Found a transporter.
 18595 | Gauntlet | Found a transporter.
 18603 | Gauntlet | Found a transporter.
 18643 | Gauntlet | Found a transporter.
 18697 | Gauntlet | Got a pair of distressingly furry gloves
 18710 | Gauntlet | Identified the +1 pair of gloves of Jireph {rF++ MR+ Regen+
                  | Int-5} (You found it in a Gauntlet)
 18732 | Gauntlet | Got a sparkling granite ring
 18737 | Gauntlet | Identified the ring "Yhuut" {rPois Int+3 Dex+3 Stlth+} (You
                  | found it in a Gauntlet)
 18751 | Gauntlet | Identified the +1 scale mail "Ipnur" {+Inv rC++ Dex+4 SInv}
 18882 | Lair:3   | Found a hole to the Spider Nest.
 19037 | Lair:3   | Found a staircase to the Swamp.
 19312 | Lair:2   | Reached skill level 10 in Fighting
 20218 | Lair:4   | Reached skill level 10 in Spellcasting
 20710 | Lair:5   | Identified the +5 great mace "Nisaxef" {venom, +Blink rPois
                  | Str-2} (You found it on level 5 of the Lair of Beasts)
 20884 | Lair:5   | Found a staircase to the Slime Pits.
 21415 | Lair:6   | Entered Level 6 of the Lair of Beasts
 21443 | Lair:6   | Reached XP level 15. HP: 93/93 MP: 18/29
 21449 | Lair:6   | Reached skill level 13 in Earth Magic
 21475 | Lair:6   | Offered knowledge of Starburst by Vehumet.
 21483 | Lair:6   | Learned a level 6 spell: Starburst
 22132 | Lair:6   | Reached skill level 1 in Fire Magic
 22690 | Lair:6   | Slain by a dire elephant

Levels and vault maps discovered:
D:1:      arrival_zaba_pyramid, layout_rooms, serial_forest,
          infiniplex_forest_straight_3, infiniplex_forest_straight_3,
          infiniplex_forest_fountain, infiniplex_forest_join,
          infiniplex_forest_side_room, infiniplex_forest_end_3,
          infiniplex_forest_clump_long, infiniplex_forest_lined_3_way
D:2:      layout_basic, overflow_temple_1_default, eino_tiny_chamber
D:3:      layout_rooms, uniq_jessica, uniq_terence, uniq_sigmund
D:4:      old_forge, layout_basic, first_ration, xom_teletrap_fun
D:5:      layout_gridville, cheibrodos_ashenzari_chains
D:6:      layout_cave_pods, basic_altar, serial_glass, glass_columns_a,
          glass_columns_c, glass_columns_c, uniq_edmund
D:7:      layout_cave_pools, nicolae_overflow_crystal_walls,
          minmay_temple_entry_hall
D:8:      layout_gridville, makhleb_grotto_becter, basic_altar, sword_in_stone
D:9:      layout_grid_maze, eat_drink_and_be_merry_uskayaw, the_bakery,
          uniq_maurice
D:10:     layout_irregular_city, erik_lair_island, basic_altar, uniq_psyche,
          uniq_snorg
D:11:     layout_gridville, orc_david_3, tgw_sif
D:12:     layout_roguey, special_room [special_room_orc], minmay_librarian,
          uniq_kirke, uniq_urug
D:13:     layout_basic, ebering_ghost_disaster_area, basic_altar, minivault_8
D:14:     layout_loops_cross, david_vaults_5, minmay_orc_keep
Temple:   minmay_crystal_spiral_temple
Lair:1:   layout_layer_cave, serial_bayou_shore_b, grunt_megastairs_5,
          minmay_lair_oklob_chamber
Lair:2:   beast_lair_carwin_large_3, layout_gridlike, st_stairs_13
Lair:3:   layout_loops_ring, swamp_mist_pool, spider_nest_entry_web_field,
          gauntlet_entry_generic
Lair:4:   layout_long_grid, lemuel_fruit_fields
Lair:5:   layout_loops_ring, slime_dummy, grunt_megastairs_1,
          lemuel_fruit_fields
Lair:6:   due_jungle_book, layout_concentric_octagons

Skill      XL: |  1  2  3  4  5  6  7  8  9 10 11 12 13 14 15 |
---------------+----------------------------------------------+-----
Earth Magic    | 4 5 6 7 8 9 10 11 12 13 | 13.1
Conjurations   | 1 2 3 4 5 6 7 8 9 10 11 | 11.6
Spellcasting   | 3 4 5 6 7 8 9 10 | 10.3
Fighting       | 2 4 5 6 8 9 10 | 10.6
Maces & Flails | 2 4 5 6 7 8 9 |  9.8
Armour         | 3 4 5 6 |  6.1
Dodging        | 2 3 4 5 6 7 8 |  8.4
Evocations     | 1 3 4 6 |  6.0
Fire Magic     | 2 |  2.0
Stealth        | |  2.1
Transmutations | |  0.7

Action                   |  1- 3 |  4- 6 |  7- 9 | 10-12 | 13-15 || total
-------------------------+-------+-------+-------+-------+-------++-------
Melee: Unarmed           |     9 |       |       |       |       ||     9
       Mace              |   256 |   136 |    62 |       |       ||   454
       Flail             |       |       |   110 |   227 |   459 ||   796
 Cast: Sandblast         |    10 |    21 |    47 |   110 |   248 ||   436
       Stone Arrow       |       |     1 |     2 |    21 |    34 ||    58
       Lee's Rapid Decon |       |       |     5 |    39 |    37 ||    81
       Dazzling Flash    |       |       |       |       |     7 ||     7
       Starburst         |       |       |       |       |     7 ||     7
 Abil: Fly               |       |       |       |       |     1 ||     1
Evoke: Wand              |       |       |     2 |       |    18 ||    20
  Use: Scroll            |       |     8 |     9 |     6 |     9 ||    32
       Potion            |       |     2 |     2 |       |     8 ||    12
 Stab: Sleeping          |     5 |       |     2 |     5 |    17 ||    29
       Held in net/web   |       |       |     1 |       |       ||     1
       Invisible         |       |       |       |       |     2 ||     2
       Confused          |       |       |       |       |     1 ||     1
  Eat: Chunk             |     4 |     6 |    20 |    26 |    37 ||    93
       Ration            |       |       |     1 |       |       ||     1
Armor: Robe              |    28 |    82 |    47 |   150 |   309 ||   616
       Skin              |       |       |    18 |       |       ||    18
Dodge: Dodged            |    61 |   158 |   120 |   194 |   434 ||   967

Table legend:
 A = Non-vault XP
 B = Vault XP
 C = Vault XP percentage of total XP
 D = Non-vault monster count
 E = Vault monster count
 F = Vault count percentage of total count
                 A         B        C        D         E       F
            +---------+---------+-------+---------+---------+-------
      Total |   71998 |   22869 |  24.1 |     446 |     113 |  20.2
            +---------+---------+-------+---------+---------+-------
        D:1 |      28 |       0 |   0.0 |       9 |       0 |   0.0
        D:2 |      58 |       0 |   0.0 |      18 |       0 |   0.0
        D:3 |     131 |     296 |  69.3 |      36 |       3 |   7.7
        D:4 |      32 |     490 |  93.9 |       8 |      15 |  65.2
        D:5 |     512 |       0 |   0.0 |      13 |       0 |   0.0
        D:6 |    1118 |     166 |  12.9 |      22 |       1 |   4.3
        D:7 |     342 |       0 |   0.0 |       6 |       0 |   0.0
        D:8 |    1832 |     740 |  28.8 |      31 |       6 |  16.2
        D:9 |    2552 |     717 |  21.9 |      21 |       2 |   8.7
       D:10 |    1721 |    2177 |  55.8 |      18 |       7 |  28.0
       D:11 |    6702 |     281 |   4.0 |      50 |       7 |  12.3
       D:12 |    4069 |    5695 |  58.3 |      24 |      32 |  57.1
       D:13 |    9338 |    1762 |  15.9 |      39 |       4 |   9.3
       D:14 |   13561 |    5247 |  27.9 |      41 |      16 |  28.1
     Lair:1 |    2279 |     719 |  24.0 |      12 |       6 |  33.3
     Lair:2 |    3904 |    2054 |  34.5 |      19 |      10 |  34.5
     Lair:3 |    2622 |       0 |   0.0 |      14 |       0 |   0.0
     Lair:4 |    6708 |       0 |   0.0 |      20 |       0 |   0.0
     Lair:5 |    6317 |     359 |   5.4 |      21 |       2 |   8.7
     Lair:6 |    8172 |     927 |  10.2 |      24 |       1 |   4.0
   Gauntlet |       0 |    1239 | 100.0 |       0 |       1 | 100.0
            +---------+---------+-------+---------+---------+-------
